 Dungeon Crawl Stone Soup version 0.24-a0-408-gcc1054c7ca (webtiles) character file.

Game seed: 9679026365032760138

19764 Kuinu the Cleaver (level 12, -11/172 HPs)
             Began as a Minotaur Berserker on June 5, 2019.
             Was a High Priest of Trog.
             Mangled by a dire elephant (26 damage)
             ... on level 15 of the Dungeon.
             The game lasted 00:25:04 (8661 turns).

Kuinu the Cleaver (Minotaur Berserker)              Turns: 8661, Time: 00:25:05

Health: -11/172    AC: 23    Str: 33    XL:     12   Next: 39%
Magic:  11/11      EV: 11    Int:  8    God:    Trog [*****.]
Gold:   314        SH:  9    Dex: 15    Spells: 11/11 levels left

rFire    . . .     SeeInvis +   q - +2 broad axe of the Equator {flame, +Inv rElec Int+4 Dex+3}
rCold    . . .     Gourm    +   k - +0 shield
rNeg     . . .     Faith    .   l - +0 plate armour
rPois    .         Spirit   .   (helmet restricted)
rElec    +         Reflect  .   s - +0 cloak
rCorr    +         Harm     .   f - +2 pair of gloves {Str+3}
MR       ++...                  n - +1 pair of boots
Stlth    ..........             B - amulet of the gourmand
HPRegen  1.38/turn              F - ring of resist corrosion
MPRegen  0.12/turn              O - ring of see invisible

@: berserking, regenerating, very quick
A: retaliatory headbutt, horns 2
a: Berserk, Trog's Hand, Brothers in Arms, Renounce Religion, Evoke Invisibility


You were on level 15 of the Dungeon.
You worshipped Trog.
Trog was extremely pleased with you.
You were full.

You visited 1 branch of the dungeon, and saw 13 of its levels.
You also visited: Sewer and Ossuary.

You collected 572 gold pieces.
You spent 258 gold pieces at shops.

Inventory:

Hand Weapons
 a - a +0 hand axe
 q - the +2 broad axe of the Equator (weapon) {flame, +Inv rElec Int+4 Dex+3}
   (Trog gifted it to you on level 9 of the Dungeon)

   It has been specially enchanted to burn those struck by it, causing extra
   injury to most foes and up to half again as much damage against particularly
   susceptible opponents.
   Big, fiery blades are also staple armaments of hydra-hunters.
   It affects your intelligence (+4).
   It affects your dexterity (+3).
   It insulates you from electricity.
   It lets you turn invisible.
 A - a +3 flail of protection
 E - a +4 battleaxe of electrocution
 N - a +6 great sword of slicing
Armour
 b - a +0 animal skin
 f - a +2 pair of gloves of strength (worn)
 k - a +0 shield (worn)
 l - a +0 plate armour (worn)
 n - a +1 pair of boots (worn)
 s - a +0 cloak (worn)
Magical Staves
 u - an uncursed staff of power {unknown}
Jewellery
 p - the amulet of Zeipny {RegenMP Str+3 Dex+4 Stlth+}
   (You took it off an orc priest on level 9 of the Dungeon)

   [amulet of magic regeneration]

   It increases your magic regeneration.
   It affects your strength (+3).
   It affects your dexterity (+4).
   It makes you more stealthy.
 B - an amulet of the gourmand (around neck)
 D - an uncursed amulet of rage
 F - a ring of resist corrosion (left hand)
 K - a +2 amulet of reflection {unknown}
 O - a ring of see invisible (right hand)
Wands
 e - a wand of flame (33)
 x - a wand of iceblast (7)
 z - a wand of digging (5)
 C - a wand of enslavement (9)
 I - a wand of random effects (59)
 M - a wand of polymorph (8)
 R - a wand of acid (7)
Scrolls
 d - 2 scrolls of remove curse
 g - 5 scrolls of blinking
 i - 2 scrolls of immolation
 j - 3 scrolls of enchant weapon
 y - a scroll of fear
 J - a scroll of acquirement {unknown}
 L - a scroll of identify
 Q - 2 scrolls of teleportation
Potions
 h - 9 potions of curing
 m - 4 potions of might
 o - a potion of resistance
 r - 2 potions of haste
 t - 2 potions of flight
 v - 3 potions of brilliance
 w - a potion of mutation
 G - a potion of agility
 H - 2 potions of degeneration
Miscellaneous
 P - a lamp of fire
 S - a box of beasts
Comestibles
 c - 26 rations


   Skills:
 * Level 13.2 Fighting
 * Level 13.3 Axes
 * Level 13.1 Armour
 + Level 9.0 Dodging


You had 11 spell levels left.
You didn't know any spells.
Your spell library was empty.

Dungeon Overview and Level Annotations

Branches:
Dungeon (15/15)            Temple (0/1) D:7            Lair (0/6) D:9
    Orc (0/2) D:10         Vaults (0/5) D:14
 Depths: D:15

Altars:
Ashenzari
Fedhas
Nemelex Xobeh
Okawaru
Ru
The Shining One

Shops:
D:5 :   D:9 [

Annotations:
D:4 2 transporters


Innate Abilities, Weirdness & Mutations

You reflexively headbutt those who attack you in melee.
You have a pair of horns on your head.


Message History

The dire elephant tramples you!!
You stumble backwards!
You feel a strong urge to attack something.
You see here a lumpy blue potion.
Your shield prevents you from hitting the dire elephant.
The dire elephant tramples you!!
* * * LOW HITPOINT WARNING * * *
You hold your ground!
The dire elephant trunk-slaps you!
* * * LOW HITPOINT WARNING * * *
The salamander barely misses you.
Your shield and plate armour prevent you from hitting the dire elephant.
The dire elephant tramples you!
* * * LOW HITPOINT WARNING * * *
You hold your ground!
The dire elephant trunk-slaps you but does no damage.
The salamander hits you but does no damage.
You slash the dire elephant! You burn the dire elephant.
You headbutt the dire elephant!
The dire elephant is moderately wounded.
The dire elephant tramples you!!
You die...

#.. #.≈.#......#
..# #.[.#.########
#.###+###..........
#...#...#.########
#.≈.#.≈.#.........
#...#...#.########
#N####.#
##Y.##.#####
#@.##.#...# #
#####.#.#.# #
#.#.#.# #
#.#.#.########
#.#.#........#
#.#.#.######.#
#..........#.#
###.######.#.#
#<#.#.........


You could see a dire elephant and a salamander.

Vanquished Creatures
  A great orb of eyes (D:15)
  A hydra (D:15)
  A centaur warrior (D:15)
  A two-headed ogre (D:10)
  2 dancing weapons (D:14)
  2 cyclopes (D:14)
  A deep elf mage (D:14)
  Maurice (D:9)
  A guardian serpent (D:10)
  A gargoyle (D:14)
  A troll (D:10)
  A meliai (D:14)
  Prince Ribbit (D:7)
  3 hippogriffs (D:7)
  Sigmund (D:3)
  A vampire (D:10)
  2 wyverns
  8 yaks
  A basilisk (D:14)
  Grum (D:9)
  2 hungry ghosts
  9 vampire mosquitoes (D:14)
  Edmund (D:5)
  A water moccasin (D:10)
  2 porcupines (D:9)
  10 orc warriors
  6 ice beasts
  A sky beast (D:9)
  2 phantoms (D:10)
  3 wolves (D:9)
  6 ogres
  6 centaurs
  A crocodile (D:9)
  4 big kobolds
  11 bullfrogs
  2 elf skeletons (D:4)
  2 gnoll sergeants (D:10)
  A water moccasin zombie (D:5)
  A wyvern skeleton (D:14)
  3 scorpions
  5 wights (D:14)
  21 killer bees
  4 bullfrog zombies
  2 howler monkeys
  10 crimson imps
  A human zombie (D:4)
  3 centaur zombies
  A quasit (D:7)
  3 jellies
  5 orc priests
  2 centaur skeletons (D:6)
  8 hounds
  2 human skeletons (D:4)
  5 iguanas
  9 orc wizards
  5 worker ants
  A killer bee zombie (D:5)
  12 mummies (Ossuary)
  3 hound skeletons
  A worker ant zombie (D:7)
  4 gnolls (D:10)
  21 adders
  3 shadow imps
  9 oozes
  An adder zombie (D:7)
  3 adder skeletons
  A worm (D:3)
  A dart slug (D:2)
  14 leopard geckos
  35 orcs
  3 bats
  17 giant cockroaches
  7 goblins
  5 hobgoblins
  2 jackals (D:2)
  2 quokkas
  13 ball pythons (Sewer)
  12 frilled lizards
  A giant cockroach zombie (D:6)
  2 gnoll skeletons (Ossuary)
  2 goblin skeletons (Ossuary)
  A jackal skeleton (D:4)
  7 kobolds
  2 kobold skeletons (Ossuary)
  A leopard gecko skeleton (D:4)
  A leopard gecko zombie (D:5)
  2 orc skeletons (Ossuary)
  An orc zombie (D:4)
  4 rats
  11 rat skeletons (Ossuary)
  2 fungi (D:9)
  A plant (D:3)
400 creatures vanquished.

Vanquished Creatures (others)
  A bullfrog (D:14)
  2 fungi (D:9)
3 creatures vanquished.

Grand Total: 403 creatures vanquished

Notes
Turn   | Place    | Note
-------+----------+-------------------------------------------
     0 | D:1      | Kuinu the Minotaur Berserker began the quest for the Orb.
     0 | D:1      | Reached XP level 1. HP: 19/19 MP: 0/0
   213 | D:1      | Reached XP level 2. HP: 26/27 MP: 1/1
   626 | D:2      | Reached XP level 3. HP: 33/33 MP: 2/2
   987 | D:3      | Reached ** piety under Trog
  1077 | D:3      | Found a glowing drain.
  1088 | D:3      | Reached XP level 4. HP: 35/41 MP: 3/3
  1100 | D:3      | Noticed Sigmund
  1105 | Sewer    | Entered a sewer
  1676 | Sewer    | Reached XP level 5. HP: 37/47 MP: 4/4
  1766 | Sewer    | Reached skill level 5 in Fighting
  1804 | Sewer    | Reached *** piety under Trog
  1874 | Sewer    | Reached skill level 5 in Axes
  1909 | Sewer    | Reached XP level 6. HP: 37/56 MP: 5/5
  2006 | D:3      | Killed Sigmund
  2006 | D:3      | Reached skill level 5 in Armour
  2006 | D:3      | Reached XP level 7. HP: 52/63 MP: 6/6
  2334 | D:3      | Reached **** piety under Trog
  2796 | D:4      | Found a transporter.
  2973 | D:4      | Found a transporter.
  3084 | D:4      | Found a sand-covered staircase.
  3095 | Ossuary  | Entered an ossuary
  3212 | Ossuary  | Reached ***** piety under Trog
  3895 | D:5      | Entered Level 5 of the Dungeon
  3904 | D:5      | Reached XP level 8. HP: 68/73 MP: 7/7
  3959 | D:5      | Found a shattered altar of Ashenzari.
  3978 | D:5      | Noticed Edmund
  4058 | D:5      | Killed Edmund
  4413 | D:5      | Found a blossoming altar of Fedhas.
  4416 | D:5      | Found an iron altar of Okawaru.
  4419 | D:5      | Found a sparkling altar of Nemelex Xobeh.
  4559 | D:5      | Found Asoir's Book Shoppe.
  4738 | D:6      | Reached skill level 5 in Dodging
  4885 | D:6      | Received a gift from Trog
  4910 | D:6      | Reached XP level 9. HP: 82/82 MP: 8/8
  5097 | D:6      | You fall into a shaft and drop 3 floors!
  5291 | D:8      | Found a sacrificial altar of Ru.
  5595 | D:7      | Found a staircase to the Ecumenical Temple.
  5779 | D:7      | Reached XP level 10. HP: 87/93 MP: 9/9
  5847 | D:7      | Noticed Prince Ribbit
  5859 | D:7      | Killed Prince Ribbit
  5859 | D:7      | Received a gift from Trog
  5859 | D:7      | Reached skill level 10 in Fighting
  5859 | D:7      | Reached skill level 10 in Axes
  6333 | D:8      | Found a glowing golden altar of the Shining One.
  6409 | D:9      | Found a staircase to the Lair.
  6422 | D:9      | Reached skill level 10 in Armour
  6423 | D:9      | Noticed Maurice
  6432 | D:9      | Received a gift from Trog
  6439 | D:9      | Noticed Grum
  6700 | D:9      | Received a gift from Trog
  6701 | D:9      | Identified the amulet of Zeipny {RegenMP Str+3 Dex+4
                  | Stlth+}
  6717 | D:9      | Killed Maurice
  6727 | D:9      | Killed Grum
  6752 | D:9      | Got a faintly glowing broad axe {god gift}
  6759 | D:9      | Identified the +2 broad axe of the Equator {flame, +Inv
                  | rElec Int+4 Dex+3} (Trog gifted it to you on level 9 of the
                  | Dungeon)
  6952 | D:9      | Found Acaorohif's Armour Emporium.
  6971 | D:9      | Bought a +2 pair of gloves of strength for 258 gold pieces
  7121 | D:10     | Entered Level 10 of the Dungeon
  7135 | D:10     | Noticed a two-headed ogre
  7150 | D:10     | Killed a two-headed ogre
  7150 | D:10     | Reached XP level 11. HP: 66/102 MP: 10/10
  7731 | D:10     | Found a staircase to the Orcish Mines.
  8019 | D:11     | You fall into a shaft and drop 3 floors!
  8134 | D:14     | Noticed a deep elf mage
  8142 | D:14     | Killed a deep elf mage
  8260 | D:14     | Received a gift from Trog
  8276 | D:14     | Reached XP level 12. HP: 113/113 MP: 11/11
  8328 | D:14     | Found a gate to the Vaults.
  8591 | D:15     | Entered Level 15 of the Dungeon
  8597 | D:15     | Noticed a centaur warrior
  8604 | D:15     | Killed a centaur warrior
  8645 | D:15     | Noticed a six-headed hydra
  8645 | D:15     | Noticed a great orb of eyes
  8645 | D:15     | Noticed a dire elephant
  8655 | D:15     | Killed a great orb of eyes
  8656 | D:15     | Killed a two-headed hydra
  8661 | D:15     | Mangled by a dire elephant

Levels and vault maps discovered:
D:1:      lightli_arrival_maybe_door_vault, layout_basic, due_unseen_surprise
D:2:      layout_rooms
D:3:      wad_woods_pond, layout_basic, gup_sewer_entry_glass, uniq_sigmund
D:4:      gammafunk_wand_slinger, layout_basic, nicolae_ossuary_entry_catacombs,
          first_ration, feat_on_display
D:5:      layout_loops_ring, kennysheep_mini_moat,
          grunt_temple_overflow_diamond, serial_shops,
          nicolae_shop_behind_doors, uniq_edmund
D:6:      layout_basic
D:7:      layout_loops_cross, temple_pool_b, uniq_prince_ribbit1
D:8:      layout_cave_pools, tso_altar, nicolae_ru_sacrificial_ziggurat
D:9:      layout_big_octagon, due_lair_maze_entry_diamond, serial_shops,
          nicolae_shop_trees, grunt_ogre_cave, grunt_decor_one_mirror,
          uniq_grum, uniq_maurice
D:10:     layout_basic, kennysheep_orc_monster_closet_entryway,
          nrook_guardian_serpent_double
D:11:     layout_basic, chequers_serial_rivers_room_b
D:14:     layout_rooms, erik_vaults_1, eino_jars
D:15:     hangedman_depths_entry_try_elsewhere_first, layout_basic

Skill      XL: |  1  2  3  4  5  6  7  8  9 10 11 12 |
---------------+-------------------------------------+-----
Fighting       | 4 5 6 7 8 9 11 12 13 | 13.2
Axes           | 4 5 6 8 9 11 12 13 | 13.3
Armour         | 3 4 5 6 7 9 11 12 13 | 13.1
Dodging        | 3 4 5 6 7 8 9 |  9.0

Action                   |  1- 3 |  4- 6 |  7- 9 | 10-12 || total
-------------------------+-------+-------+-------+-------++-------
Melee: Hand axe          |    82 |   145 |   286 |       ||   513
       Headbutt          |    11 |    29 |   124 |    84 ||   248
       Flail             |       |       |    93 |       ||    93
       Battleaxe         |       |       |   109 |    81 ||   190
       Broad axe         |       |       |       |   296 ||   296
Invok: Berserk           |       |     1 |     1 |     9 ||    11
       Trog's Hand       |       |       |       |     2 ||     2
  Use: Scroll            |       |     8 |     1 |    14 ||    23
       Potion            |       |       |       |     2 ||     2
  Eat: Chunk             |     1 |     3 |    33 |    16 ||    53
       Ration            |       |       |     1 |       ||     1
Armor: Plate armour      |    59 |   145 |   286 |   266 ||   756
Dodge: Dodged            |    30 |    87 |   133 |   176 ||   426
Block: Shield            |       |       |    86 |   125 ||   211

Table legend:
 A = Non-vault XP
 B = Vault XP
 C = Vault XP percentage of total XP
 D = Non-vault monster count
 E = Vault monster count
 F = Vault count percentage of total count
                 A         B        C        D         E       F
            +---------+---------+-------+---------+---------+-------
      Total |   17484 |   10751 |  38.1 |     244 |     153 |  38.5
            +---------+---------+-------+---------+---------+-------
        D:1 |      21 |       0 |   0.0 |      14 |       0 |   0.0
        D:2 |      31 |       0 |   0.0 |      15 |       0 |   0.0
        D:3 |      95 |     279 |  74.6 |      19 |       5 |  20.8
        D:4 |      59 |     284 |  82.8 |       5 |       6 |  54.5
        D:5 |     546 |     171 |  23.8 |      15 |       1 |   6.2
        D:6 |     928 |       0 |   0.0 |      28 |       0 |   0.0
        D:7 |    1519 |     264 |  14.8 |      24 |       1 |   4.0
        D:8 |     848 |       0 |   0.0 |      19 |       0 |   0.0
        D:9 |    2106 |    2215 |  51.3 |      24 |      16 |  40.0
       D:10 |    4291 |    2339 |  35.3 |      39 |      21 |  35.0
       D:11 |      47 |       0 |   0.0 |       2 |       0 |   0.0
       D:14 |    6070 |    2563 |  29.7 |      39 |      10 |  20.4
       D:15 |     923 |    2003 |  68.5 |       1 |       2 |  66.7
      Sewer |       0 |     408 | 100.0 |       0 |      60 | 100.0
    Ossuary |       0 |     225 | 100.0 |       0 |      31 | 100.0
            +---------+---------+-------+---------+---------+-------
